AoeStats
← Chigüiro

Pilgrims

510237822Analyzed
4v4 RM · 1d ago on Sep 30, 2026· 14m 1s· 8 players
Game mode
Random Map
Map size
Large (8 player)
Population
200
Speed
Normal
Resources
Standard
Victory
Conquest
Starting age
Dark Age
Ending age
Imperial Age
RankedLock teamsTeams togetherTeam positionsShared explorationLock speedFull tech treeHidden civsTurbo modeCheats
Victory
Defeat
🇵🇪 Burmese · Peru
1715
+8
🇦🇷 Burgundians · Argentina
1663
+10
🇨🇴 Mongols · Colombia
1581
+13
🇧🇷 Mapuche · Brazil
1465
+16
🇺🇸 Cumans · United States
1600
-15
🇺🇸 Varangians · United States
1495
-11
🇺🇸 Shu · United States
1479
-11
🇺🇸 Bengalis · United States
1472
-10
noru
7:35 Loom
11:09 Feudal Age
14:15 Fletching
Chigüiro
5:28 Loom
11:35 Feudal Age
12:15 Double-Bit Axe
13:27 Forging
l3av3x
5:01 Loom
10:00 Feudal Age
11:59 Double-Bit Axe
14:49 Castle Age
13:25 Horse Collar
13:56 Gold Mining
gyNNNNN
11:07 Feudal Age
9:35 Double-Bit Axe
12:54 Bow Saw
14:50 Castle Age
13:06 Horse Collar
13:56 Fishing Lines
RyskiNinja
7:34 Loom
10:11 Feudal Age
10:50 Double-Bit Axe
10:49 Fishing Lines
11:10 Town Watch
13:47 Forging
14:24 Wheelbarrow
benji
6:46 Loom
10:51 Feudal Age
9:07 Loom
11:32 Double-Bit Axe
11:52 Fishing Lines
Kyrisser
5:49 Loom
11:46 Feudal Age
12:23 Double-Bit Axe
12:51 Town Watch
13:39 Fletching
Ryblade
7:07 Loom
11:34 Feudal Age
15:51 Castle Age
Connection lost

Rejoining the realm…

Still unreachable

The connection could not be restored.

Session expired

The server has moved on; the page needs a fresh start.